 Dungeon Crawl Stone Soup version 0.25-a0-292-gaa31f046c4 (webtiles) character file.

Game seed: 2558928840053458419, levelgen mode: classic

38822 Borgoz the Fighter (level 14, -5/92 HPs)
             Began as a Gargoyle Gladiator on Dec 15, 2019.
             Was the Champion of Dithmenos.
             Slain by a wolf spider zombie (9 damage)
             ... led by a necromancer
             ... on level 15 of the Dungeon.
             The game lasted 00:36:25 (19713 turns).

Borgoz the Fighter (Gargoyle Gladiator)            Turns: 19713, Time: 00:36:26

Health: -5/92      AC: 30    Str: 20    XL:     14   Next: 3%
Magic:  14/14      EV: 17    Int:  9    God:    Dithmenos [******]
Gold:   1441       SH:  0    Dex: 18    Spells: 13/13 levels left

rFire    . . .     SeeInvis .   a - +0 rapier
rCold    . . .     Gourm    .   (no shield)
rNeg     + + .     Faith    .   B - +7 scale mail "Nadul" {rN+ Dex+4}
rPois    ∞         Spirit   .   H - +1 hat
rElec    +         Reflect  .   h - scarf {repulsion}
rCorr    .         Harm     .   (no gloves)
MR       +....                  p - +1 pair of boots
Stlth    +.........             (no amulet)
HPRegen  0.25/turn              (no ring)
MPRegen  0.14/turn              (no ring)

@: hasted and slowed, wreathed by umbra, repel missiles
A: big wings, negative energy resistance 1, electricity resistance, unbreathing,
petrification resistance, rot immunity, AC +10
a: Fly, Shadow Step, Shadow Form, Renounce Religion


You were on level 15 of the Dungeon.
You worshipped Dithmenos.
Dithmenos was exalted by your worship.
You were very hungry.

You visited 2 branches of the dungeon, and saw 16 of its levels.

You collected 1441 gold pieces.

Inventory:

Hand Weapons
 a - a +0 rapier (weapon)
 b - a +2 short sword of venom
 x - a +0 rapier
Armour
 h - a scarf of repulsion (worn)
 p - a +1 pair of boots (worn)
 t - the +5 scale mail of the Pirate {+Fly Str+6 Int-3 Stlth+}
   (You found it on level 5 of the Dungeon)

   It affects your strength (+6).
   It affects your intelligence (-3).
   It lets you fly.
   It makes you more stealthy.
 B - the +7 scale mail "Nadul" (worn) {rN+ Dex+4}
   (You found it on level 12 of the Dungeon)

   It affects your dexterity (+4).
   It protects you from negative energy.
 H - a +1 hat (worn)
 K - a +0 troll leather armour
Wands
 y - a wand of polymorph (17)
 A - a wand of flame (21)
 D - a wand of iceblast (25)
 E - a wand of enslavement (12)
 G - a wand of digging (1)
 I - a wand of random effects (20)
Scrolls
 c - a scroll of noise {unknown}
 j - 3 scrolls of amnesia
 k - a scroll of fear {unknown}
 m - 5 scrolls of teleportation
 n - a scroll of enchant weapon {unknown}
 o - 3 scrolls of enchant armour {unknown}
 r - 13 scrolls of remove curse
 s - 2 scrolls of blinking {unknown}
 z - 5 scrolls of magic mapping
 C - a scroll of torment {unknown}
Potions
 g - 2 potions of flight
 i - a potion of lignification
 l - 2 potions of cancellation
 q - a potion of curing
 u - 2 potions of resistance
 w - a potion of haste
 F - 2 potions of magic
Comestibles
 f - 22 rations


   Skills:
 * Level 12.7 Fighting
 * Level 11.9 Short Blades
 - Level 1.7 Throwing
 * Level 12.4 Armour
 * Level 10.2 Dodging
 - Level 2.3 Stealth


You had 13 spell levels left.
You didn't know any spells.
Your spell library contained the following spells:

 Spells                   Type           Power        Failure   Level  Hunger
 Beastly Appendage        Tmut           #.....       65%         1    ##.....
 Sticks to Snakes         Tmut           #.......     80%         2    ###....
 Spider Form              Tmut/Pois      #.........   95%         3    ####...
 Ice Form                 Ice/Tmut       #.......     100%        4    #####..
 Blade Hands              Tmut           #.........   100%        5    ######.
 Bolt of Magma            Conj/Fire/Erth #.........   100%        5    ######.
 Iskenderun's Battlesphe  Conj/Chrm      #.......     100%        5    ######.
 Iron Shot                Conj/Erth      #.........   100%        6    #######
 Orb of Destruction       Conj           #.........   100%        7    #######
 Spellforged Servitor     Conj/Summ      #.........   100%        7    #######


Dungeon Overview and Level Annotations

Branches:
Dungeon (15/15)            Temple (1/1) D:6            Lair (0/6) D:8
    Orc (0/2) D:11         Vaults (0/5) D:14
 Depths: D:15

Altars:
Ashenzari
Cheibriados
Dithmenos
Elyvilon
Fedhas
Gozag
Hepliaklqana
Kikubaaqudgha
Makhleb
Nemelex Xobeh
Okawaru
Qazlal
Ru
Sif Muna
Trog
Uskayaw
Vehumet
Wu Jian
Xom
Yredelemnul
Zin
The Shining One


Innate Abilities, Weirdness & Mutations

You are resistant to torment.
Your stone body is resilient. (AC +10)
You are immune to poison.
Your large and strong wings let you fly indefinitely.
You resist negative energy. (rN+)
You are resistant to electric shocks. (rElec)
You can survive without breathing.
You are immune to petrification.
You are immune to rotting.


Message History

The wolf spider zombie hits you!
* * * LOW HITPOINT WARNING * * *
The wolf spider zombie bites you but does no damage.
Your scale mail "Nadul" prevents you from hitting the wolf spider zombie.
The wolf spider zombie is almost destroyed.
Your shadow hits the wolf spider zombie with a rapier.
The wolf spider zombie closely misses you.
The wolf spider zombie bites you.
* * * LOW HITPOINT WARNING * * *
You hit the wolf spider zombie.
The wolf spider zombie is almost destroyed.
Your shadow hits the wolf spider zombie with a rapier.
Okay, then.
The wolf spider zombie misses you.
The wolf spider zombie bites you but does no damage.
The wolf spider zombie closely misses you.
The wolf spider zombie completely misses you.
Your extra speed is starting to run out.
The wolf spider zombie hits you!
You die...

.......########.#...##.####
########.....##...#..#.....
##.Ne....##..#..#...######
#.(##+##..#..#......#....#
#..# .#..#......#.#..# #..#
.#..............# #..#
..##........#.#..#
#..#####..#....<....#.#..#
##...Z...##@######.##.####.#
##.ZZZ.# #Z#..............#
##'# #Z#.#####.#.######
#.#####.#.# #.#.....#
#.)Z..Z.#.# #.#####.#
#######.#.## #.# #.# #.#..#
#.#####.# #.##.# #....[..#
#....# #########


You could see 2 wolf spider zombies and a centaur warrior skeleton.

Vanquished Creatures
  Snorg (D:12)
  Josephine (D:12)
  2 ogre magi
  3 centaur warriors
  8 two-headed ogres
  Urug (D:11)
  Sonja (D:12)
  3 unseen horrors
  A deep elf archer (D:14)
  A wizard (D:15)
  Pikel (D:6)
  An orc knight (D:15)
  4 ugly things
  A cyclops (D:15)
  4 deep elf magi
  4 manticores
  5 centaur zombies
  A naga mage (D:15)
  A gargoyle (D:14)
  3 centaur skeletons
  3 kobold demonologists (D:12)
  A freezing wraith (D:14)
  A komodo dragon (D:12)
  3 yaktaurs (D:14)
  2 demonic crawlers (D:14)
  5 trolls
  The ghost of mcbry the Skirmisher, an amateur HOFi (D:4)
  3 hornets
  Grinder (D:4)
  Prince Ribbit (D:5)
  5 hippogriffs
  2 centaur simulacra (D:15)
  A shadow (D:12)
  3 yaks (D:10)
  6 wraiths
  3 vampire mosquitoes (D:14)
  2 hungry ghosts
  Edmund (D:5)
  Menkaure (D:6)
  2 soldier ants (D:8)
  A water moccasin (D:12)
  3 ice beasts
  5 black bears
  3 slaves (D:6)
  4 sky beasts
  4 orc warriors
  5 phantoms
  4 necrophages
  A boggart (shapeshifter) (D:14)
  2 crocodiles (D:14)
  11 ogres
  17 centaurs
  Blork the orc (D:4)
  5 bullfrogs
  A big kobold (D:12)
  2 wyvern skeletons
  A water moccasin zombie (D:10)
  2 scorpions
  13 killer bees
  A wight (D:6)
  3 howler monkeys
  4 crimson imps
  A bullfrog zombie (D:5)
  9 hounds
  2 jellies
  9 orc priests
  4 bullfrog skeletons
  20 orc wizards
  4 iguanas
  11 worker ants
  A hound zombie (D:8)
  A hound skeleton (D:9)
  A howler monkey zombie (D:5)
  A worker ant zombie (D:9)
  10 gnolls
  17 adders
  4 shadow imps
  3 adder zombies
  5 worms
  5 leopard geckos
  41 orcs
  2 ball pythons
  6 giant cockroaches
  2 gnoll zombies (D:8)
  15 goblins
  16 hobgoblins
  9 jackals
  8 quokkas
  13 bats
  9 frilled lizards
  A jackal skeleton (D:4)
  14 kobolds
  2 leopard gecko skeletons
  A quokka skeleton (D:4)
  11 rats
445 creatures vanquished.

Vanquished Creatures (others)
  A vampire (D:14)
  A slave (D:5)
  A worker ant (D:5)
3 creatures vanquished.

Grand Total: 448 creatures vanquished

Notes
Turn   | Place    | Note
-------+----------+-------------------------------------------
     0 | D:1      | Borgoz the Gargoyle Gladiator began the quest for the Orb.
     0 | D:1      | Reached XP level 1. HP: 12/12 MP: 1/1
   113 | D:1      | Reached XP level 2. HP: 15/18 MP: 2/2
   332 | D:1      | Reached skill level 1 in Armour
   421 | D:1      | Reached XP level 3. HP: 20/22 MP: 3/3
   964 | D:2      | Reached XP level 4. HP: 26/27 MP: 4/4
  1395 | D:2      | Reached XP level 5. HP: 24/32 MP: 5/5
  1665 | D:2      | Found a shimmering blue altar of Sif Muna.
  1746 | D:3      | Found a shadowy altar of Dithmenos.
  1764 | D:3      | Became a worshipper of Dithmenos the Shadowed
  1984 | D:3      | Found an opulent altar of Gozag.
  2043 | D:3      | Found a snail-covered altar of Cheibriados.
  2524 | D:4      | Noticed Blork the orc
  2535 | D:4      | Killed Blork the orc
  2535 | D:4      | Reached XP level 6. HP: 31/37 MP: 6/6
  2732 | D:4      | Found a large runed translucent door.
  2733 | D:4      | Found a large runed translucent door.
  2738 | D:4      | Noticed mcbry's ghost (amateur HOFi)
  3364 | D:4      | Noticed Grinder
  3378 | D:4      | Killed Grinder
  3378 | D:4      | Reached skill level 5 in Short Blades
  3378 | D:4      | Reached XP level 7. HP: 37/44 MP: 7/7
  3605 | D:5      | Entered Level 5 of the Dungeon
  3605 | D:5      | Noticed Menkaure
  4040 | D:6      | Found a staircase to the Ecumenical Temple.
  4050 | Temple   | Entered the Ecumenical Temple
  4194 | D:6      | Reached * piety under Dithmenos
  4225 | D:5      | Noticed Pikel
  4272 | D:6      | Killed Pikel
  4272 | D:6      | Reached skill level 5 in Fighting
  4272 | D:6      | Reached XP level 8. HP: 30/49 MP: 8/8
  4761 | D:6      | Reached skill level 5 in Armour
  4965 | D:6      | Found a bloodstained altar of Trog.
  4990 | D:6      | Reached XP level 9. HP: 39/55 MP: 9/9
  5203 | D:6      | Killed Menkaure
  5458 | D:5      | Noticed Prince Ribbit
  5463 | D:5      | Reached skill level 5 in Dodging
  5534 | D:5      | Found a sacrificial altar of Ru.
  5626 | D:5      | Killed Prince Ribbit
  5702 | D:5      | Reached ** piety under Dithmenos
  5707 | D:5      | Reached skill level 1 in Stealth
  5865 | D:5      | Got a faintly glowing scale mail
  5876 | D:5      | Identified the +5 scale mail of the Pirate {+Fly Str+6
                  | Int-3 Stlth+} (You found it on level 5 of the Dungeon)
  5919 | D:5      | Noticed Edmund
  5976 | D:5      | Killed Edmund
  6029 | D:5      | Found a burning altar of Makhleb.
  6053 | D:5      | Found an iron altar of Okawaru.
  6419 | D:7      | Reached XP level 10. HP: 61/63 MP: 10/10
  6437 | D:7      | Found a blossoming altar of Fedhas.
  6551 | D:7      | Found a hide-covered altar of Uskayaw.
  6852 | D:6      | Noticed a two-headed ogre
  6876 | D:6      | Killed a two-headed ogre
  6882 | D:6      | Reached *** piety under Dithmenos
  7343 | D:8      | Found a radiant altar of Vehumet.
  7436 | D:8      | Found a basalt altar of Yredelemnul.
  7747 | D:8      | Found a staircase to the Lair.
  8734 | D:9      | Reached **** piety under Dithmenos
  9042 | D:9      | Reached XP level 11. HP: 69/69 MP: 11/11
  9522 | D:9      | Found a glowing silver altar of Zin.
  9843 | D:10     | Entered Level 10 of the Dungeon
 10311 | D:10     | Reached ***** piety under Dithmenos
 10630 | D:10     | Noticed a centaur warrior
 10646 | D:10     | Killed a centaur warrior
 11421 | D:11     | Found a staircase to the Orcish Mines.
 11772 | D:11     | You fall into a shaft and drop 2 floors!
 11827 | D:13     | Noticed a two-headed ogre
 11830 | D:13     | Noticed a manticore
 11864 | D:13     | Killed a two-headed ogre
 11864 | D:13     | Reached skill level 10 in Fighting
 11880 | D:13     | Killed a manticore
 12155 | D:13     | Noticed a purple ugly thing
 12164 | D:13     | Killed a purple ugly thing
 12270 | D:13     | Reached skill level 10 in Short Blades
 12379 | D:13     | Reached XP level 12. HP: 77/77 MP: 12/12
 12575 | D:12     | Got a heavily runed scale mail
 12586 | D:12     | Identified the +7 scale mail "Nadul" {rN+ Dex+4} (You found
                  | it on level 12 of the Dungeon)
 12665 | D:12     | Noticed Snorg
 12714 | D:12     | Killed Snorg
 12714 | D:12     | Reached skill level 10 in Armour
 13101 | D:11     | Noticed Urug
 13148 | D:11     | Killed Urug
 13994 | D:4      | Killed mcbry's ghost
 14415 | D:12     | Noticed a sun demon
 14639 | D:12     | Noticed Sonja
 14660 | D:12     | Killed Sonja
 14701 | D:12     | Noticed Josephine
 14938 | D:12     | Killed Josephine
 14994 | D:12     | Identified the cursed +0 large shield of Tempters {rF-
                  | rCorr Str+2}
 15339 | D:12     | Noticed a soul eater
 15416 | D:12     | Noticed a two-headed ogre
 15441 | D:12     | Killed a two-headed ogre
 15679 | D:12     | Reached XP level 13. HP: 80/84 MP: 13/13
 16593 | D:14     | You fall into a shaft and drop 1 floor!
 16593 | D:15     | Entered Level 15 of the Dungeon
 17220 | D:15     | Noticed an ogre mage
 17246 | D:15     | Killed an ogre mage
 17347 | D:14     | Reached ****** piety under Dithmenos
 18448 | D:14     | Reached skill level 10 in Dodging
 18458 | D:14     | Noticed an ogre mage
 18477 | D:14     | Killed an ogre mage
 18888 | D:14     | Found a gate to the Vaults.
 19669 | D:15     | Gained mutation: Your large and strong wings let you fly
                  | indefinitely. [Gargoyle growth]
 19669 | D:15     | Reached XP level 14. HP: 35/92 MP: 14/14
 19704 | D:15     | HP: 4/92 [wolf spider zombie[a necromancer] (8)]
 19713 | D:15     | Slain by a wolf spider zombie

Levels and vault maps discovered:
D:1:      minmay_arrival_wavy_path, layout_basic, minmay_misc_feat_doors
D:2:      cheibrodos_greedy_goblins, layout_loops_ring, led_sif_pool,
          minmay_nonomino_d4
D:3:      layout_basic, nicolae_overflow_hidden_temple,
          lemuel_coloured_pillars_altar, nicolae_overflow_crystal_walls,
          first_ration, serial_park_tiny_pond
D:4:      layout_loops_cross, ebering_ghost_disaster_area,
          corexii_leaking_fountain, uniq_grinder, uniq_blork_the_orc
D:5:      layout_cave_pools, nicolae_ru_path_of_blood, makhleb_grotto_becter,
          okawaru_altar_gauntlet_db, uniq_edmund, uniq_pikel, uniq_menkaure,
          uniq_prince_ribbit1
D:6:      minmay_klotski, layout_basic, trog_ov_bears_minmay,
          minmay_temple_entry_junction, serial_curves, eino_curves_03,
          eino_curves_01
D:7:      layout_rooms, eat_drink_and_be_merry_uskayaw, fedhas_ov_isle_minmay
D:8:      layout_cave_pods, lemuel_zombie_altar_yredelemnul,
          vehumet_altar_wand_db, lair_entry_dummy, hangedman_pestilent_swarm
D:9:      layout_long_grid, zin_academy, minmay_stone_trees_small
D:10:     layout_basic, grunt_ministairs_10, minmay_chambers_of_fives
D:11:     layout_gridville, david_orc_2, uniq_urug
D:12:     kennysheep_six_static_rooms, layout_irregular_city, serial_glass,
          glass_columns_c, glass_columns_a, uniq_snorg, uniq_josephine,
          uniq_sonja
D:13:     layout_basic
D:14:     layout_loops_cross, hangedman_vaults_entry_quadrant_bands,
          chequers_jeans, chequers_serial_rivers_room_b,
          einodemon_crawler_minivault
D:15:     grunt_enter_depths_magical_seal, layout_basic, roderic_roman_lattice,
          serial_shops, shop_coins, minmay_misc_feat_five
Temple:   jpeg_temple_alley_garden

Skill      XL: |  1  2  3  4  5  6  7  8  9 10 11 12 13 |
---------------+----------------------------------------+-----
Short Blades   | 3 4 5 6 7 8 9 10 11 | 11.9
Armour         | 1 2 3 4 5 6 8 9 11 12 | 12.4
Fighting       | 3 4 5 7 8 10 11 12 | 12.7
Dodging        | 3 4 5 6 8 9 10 | 10.2
Stealth        | 2 |  2.3
Throwing       | |  1.7

Action                   |  1- 3 |  4- 6 |  7- 9 | 10-12 | 13-15 || total
-------------------------+-------+-------+-------+-------+-------++-------
Melee: Rapier            |   133 |   249 |   567 |   485 |   105 ||  1539
       Dagger            |       |       |       |    90 |       ||    90
       Short sword       |       |       |       |  1046 |   561 ||  1607
Throw: Throwing net      |       |     3 |     3 |     1 |     1 ||     8
Evoke: Wand              |       |     5 |     3 |     6 |       ||    14
  Use: Scroll            |       |     5 |     8 |     3 |     8 ||    24
       Potion            |       |     1 |     5 |     5 |     4 ||    15
 Stab: Held in net/web   |       |     3 |       |       |     1 ||     4
       Sleeping          |       |       |       |    14 |       ||    14
       Distracted        |       |       |       |     1 |     2 ||     3
  Eat: Chunk             |       |     8 |    13 |    17 |     9 ||    47
       Ration            |       |       |       |     6 |     1 ||     7
Armor: Leather armour    |    26 |       |       |       |       ||    26
       Ring mail         |    49 |   117 |   232 |       |       ||   398
       Scale mail        |       |       |    61 |   703 |   293 ||  1057
Dodge: Dodged            |   101 |   177 |   415 |  1302 |   543 ||  2538
       Deflected         |       |       |       |     3 |    16 ||    19

Table legend:
 A = Non-vault XP
 B = Vault XP
 C = Vault XP percentage of total XP
 D = Non-vault monster count
 E = Vault monster count
 F = Vault count percentage of total count
                 A         B        C        D         E       F
            +---------+---------+-------+---------+---------+-------
      Total |   34317 |   21143 |  38.1 |     340 |     103 |  23.3
            +---------+---------+-------+---------+---------+-------
        D:1 |      38 |       0 |   0.0 |      26 |       0 |   0.0
        D:2 |      79 |      58 |  42.3 |      28 |      20 |  41.7
        D:3 |      83 |       0 |   0.0 |      20 |       0 |   0.0
        D:4 |     227 |     687 |  75.2 |      11 |       3 |  21.4
        D:5 |     505 |     483 |  48.9 |      16 |       9 |  36.0
        D:6 |     541 |    2771 |  83.7 |      20 |      16 |  44.4
        D:7 |    1831 |       0 |   0.0 |      31 |       0 |   0.0
        D:8 |    1142 |     648 |  36.2 |      18 |       7 |  28.0
        D:9 |    1307 |       0 |   0.0 |      28 |       0 |   0.0
       D:10 |    3661 |     451 |  11.0 |      35 |       4 |  10.3
       D:11 |    1940 |    1604 |  45.3 |      23 |      10 |  30.3
       D:12 |    6455 |    4522 |  41.2 |      29 |      11 |  27.5
       D:13 |    4394 |       0 |   0.0 |      15 |       0 |   0.0
       D:14 |    7525 |    7762 |  50.8 |      28 |      19 |  40.4
       D:15 |    4589 |    2157 |  32.0 |      12 |       4 |  25.0
            +---------+---------+-------+---------+---------+-------
